 Dungeon Crawl Stone Soup version 0.30.0-29-ga12c61a403 (webtiles) character file.

Game seed: 13108344232520192869

110 javelincjr the Caller (level 4, -6/30 (32) HPs)
             Began as a Demonspawn Summoner on June 20, 2023.
             Mangled by a hell rat (13 damage)
             ... in a sewer.
             The game lasted 00:17:19 (2152 turns).

javelincjr the Caller (Demonspawn Summoner)         Turns: 2152, Time: 00:17:24

HP:   -6/30 (32)    AC:  2    Str:  8    XL:     4   Next: 61%
MP:   5/8           EV: 12    Int: 18    God:
Gold: 116           SH:  0    Dex: 14    Spells: 5/8 levels left

rFire   . . .        k - +0 spear
rCold   . . .        (no shield)
rNeg    . . .        a - +0 robe
rPois   .            (helmet restricted)
rElec   .            (no cloak)
rCorr   .            (no gloves)
SInv    .            (no boots)
Will    .....        j - amulet of regeneration
Stlth   ++           (no ring)
HPRegen 1.05/turn    (no ring)
MPRegen 0.11/turn

%: no passive effects
@: brilliant, drained
A: antennae 1, hooves 1
a: no special abilities


You were in a sewer.
You visited 1 branch of the dungeon, and saw 3 of its levels.
You also visited: Sewer.

You collected 116 gold pieces.

Inventory:

Hand Weapons
 e - a +0 dagger
 k - a +0 spear (weapon)
Armour
 a - a +0 robe (worn)
Jewellery
 j - an amulet of regeneration (around neck)
Wands
 i - a wand of flame (18)
Scrolls
 d - a scroll of identify
 g - 2 scrolls of teleportation
Potions
 b - a potion of magic
 c - a potion of brilliance
 f - a potion of berserk rage {unknown}
 h - 2 potions of heal wounds {unknown}
 l - a potion of degeneration {unknown}
 m - a potion of haste {unknown}
 n - a potion of mutation {unknown}


   Skills:
 + Level 1.4 Fighting
 + Level 2.5 Dodging
 + Level 2.7 Stealth
 + Level 2.6 Spellcasting
 + Level 4.5 Summonings


You had 5 spell levels left.
You knew the following spells:

 Your Spells              Type           Power      Damage    Failure   Level
a - Summon Small Mammal   Summ           100%       N/A       2%          1
b - Call Imp              Summ           54%        N/A       4%          2

Your spell library contained the following spells:

 Spells                   Type           Power      Damage    Failure   Level
 Call Canine Familiar     Summ           27%        N/A       8%          3
 Summon Guardian Golem    Hex/Summ       15%        N/A       21%         3
 Summon Lightning Spire   Summ/Air       15%        N/A       54%         4


Dungeon Overview and Level Annotations

Branches:
Dungeon (3/15)              Sewer (1/1)

Altars:


Innate Abilities, Weirdness & Mutations

You have a pair of small antennae on your head.
You have large cloven feet.


Message History

Moving in this stuff is going to be slow.
You enter the shallow water.
Moving in this stuff is going to be slow.
There is a gate leading back out of this place here.
You enter the shallow water.
Moving in this stuff is going to be slow.
Casting: Call Imp (safe; 4% risk of failure)
Confirm with . or Enter, or press ? or * to list all spells.
A tiny devil pulls itself out of the air.
The hell rat roars deafeningly!
You reach to attack!
You hit the hell rat.
The hell rat is heavily wounded.
Your cerulean imp barely misses the hell rat.
You hit the hell rat but do no damage.
You kick the hell rat, but do no damage.
The hell rat is heavily wounded.
The hell rat bites you!
You feel drained.
Your cerulean imp closely misses the hell rat.
You are too injured to fight recklessly!
You are too injured to fight recklessly!
You hit the hell rat but do no damage.
You kick the hell rat, but do no damage.
The hell rat is heavily wounded.
The hell rat splashes around in the water.
The river rat bites you.
Your cerulean imp closely misses the hell rat.
You closely miss the hell rat.
You kick the hell rat, but do no damage.
The hell rat is heavily wounded.
The hell rat closely misses you. The river rat bites you.
* * * LOW HITPOINT WARNING * * *
Your cerulean imp hits the hell rat but does no damage.
It was a potion of brilliance.
You feel clever all of a sudden.
The hell rat splashes around in the water.
The river rat bites you.
* * * LOW HITPOINT WARNING * * *
Your cerulean imp closely misses the hell rat.
The hell rat bites you!
You die...

#########
###~.~∩.~~###
###~..~.∩~~~~~###
#~..~.#####~~~..#
##~~.###
∩?###r.~## #.~~##
!??~##@~5# #~~~#
~~..~#r~~# #~..##
~~~~ #~~~#
##..†### ~~#
..~##
#.~..†##'##~~~~~#
###~.~§rr~~..~###
###..~~~..###
#########


You could see a hell rat (ally target), a river rat and a friendly cerulean imp
(summoned).

Vanquished Creatures
  A gnoll (D:3)
  A river rat (Sewer)
  4 bats
  An endoplasm (D:1)
  4 giant cockroaches
  3 hobgoblins
  2 jackals (D:1)
  4 quokkas (D:3)
  A frilled lizard (D:2)
  2 goblins
  A rat (Sewer)
24 creatures vanquished.

Vanquished Creatures (collateral kills)
  3 adders (D:2)
  2 dart slugs (D:1)
  A ball python (D:2)
  An endoplasm (D:1)
  2 giant cockroaches
  2 hobgoblins
  6 jackals (D:1)
  5 quokkas
  3 frilled lizards
  A goblin (D:1)
  6 rats
32 creatures vanquished.

Grand Total: 56 creatures vanquished

Notes
Turn   | Place    | Note
-------+----------+-------------------------------------------
     0 | D:1      | javelincjr the Demonspawn Summoner began the quest for the
                  | Orb.
     0 | D:1      | Reached XP level 1. HP: 13/13 MP: 3/3
   261 | D:1      | Discovered your monstrous ancestry.
   261 | D:1      | Gained mutation: You have a pair of small antennae on your
                  | head. [demonic ancestry]
   261 | D:1      | Reached XP level 2. HP: 15/19 MP: 0/5
   363 | D:1      | Learned a level 2 spell: Call Imp
   847 | D:1      | Gained mutation: You have large cloven feet. [demonic
                  | ancestry]
   847 | D:1      | Reached XP level 3. HP: 25/25 MP: 3/6
  1311 | D:2      | Reached skill level 1 in Fighting
  1437 | D:2      | Reached XP level 4. HP: 32/32 MP: 7/7
  1912 | D:3      | Noticed a scorpion
  1994 | D:3      | Found a glowing drain.
  2008 | Sewer    | Entered a sewer
  2152 | Sewer    | Mangled by a hell rat

Illustrated notes

Levels and vault maps discovered:
D:1:      psy_arrival_whirlpool, layout_basic
D:2:      layout_loops_cross, minmay_box_of_dots
D:3:      cheibrodos_greedy_goblins, layout_loops_ring, gup_sewer_entry_pipe,
          minmay_misc_feat_alley
Sewer:    sewer_hellmonk_bad_rat

Skill      XL: |  1  2  3 |
---------------+----------+-----
Stealth        | 2 |  2.7
Dodging        | 2 |  2.5
Fighting       | 1 |  1.4
Spellcasting   | |  2.6
Summonings     | |  4.5

Action                     |  1- 3 |  4- 6 || total
---------------------------+-------+-------++-------
  Melee: Unarmed           |    32 |       ||    32
         Dagger            |    73 |       ||    73
         Spear             |     6 |    68 ||    74
         Kick              |     6 |     8 ||    14
         Punch             |       |     1 ||     1
   Cast: Summon Small Mamm |    24 |    11 ||    35
         Call Imp          |    10 |    10 ||    20
    Use: Scroll            |       |     3 ||     3
         Potion            |       |     1 ||     1
   Stab: Distracted        |     2 |       ||     2
         Sleeping          |     1 |     1 ||     2
 Armour: Robe              |    27 |     9 ||    36
  Dodge: Dodged            |    82 |    41 ||   123
